 Dungeon Crawl Stone Soup version 0.23-b1-6-ga921848b48 (webtiles) character file.

Game seed: 13993796394795853538

385 Kohma the Changer (level 6, 0/47 HPs)
             Began as a Draconian Transmuter on Feb 2, 2019.
             Slain by a killer bee (9 damage)
             ... on level 4 of the Dungeon.
             The game lasted 00:10:39 (3373 turns).

Kohma the Changer (Draconian Transmuter)            Turns: 3373, Time: 00:10:39

Health: 0/47       AC:  8    Str: 17    XL:     6   Next: 48%
Magic:  9/9        EV: 12    Int: 15    God:
Gold:   84         SH:  0    Dex: 12    Spells: 3/9 levels left

rFire    . . .     SeeInvis .     - Unarmed
rCold    . . .     Gourm    .   (no shield)
rNeg     . . .     Faith    .   (armour unavailable)
rPois    .         Spirit   .   (helmet restricted)
rElec    .         Reflect  .   (no cloak)
rCorr    .         Harm     .   (no gloves)
MR       .....                  w - +1 pair of boots
Stlth    +.........             (no amulet)
HPRegen  0.15/turn              (no ring)
MPRegen  0.11/turn              (no ring)

@: mighty, lethally poisoned (0 -> -33), about to teleport
A: unfitting armour, cold-blooded, AC +6
a: no special abilities


You were on level 4 of the Dungeon.
You were not hungry.

You visited 1 branch of the dungeon, and saw 4 of its levels.

You collected 84 gold pieces.

Inventory:

Hand Weapons
 h - a +0 hunting sling
 v - a +0 hunting sling
Missiles
 a - 47 arrows
 g - 11 sling bullets
 j - 188 stones (quivered)
Armour
 w - a +1 pair of boots (worn)
Jewellery
 o - an uncursed ring of ice
 u - a +2 ring of evasion {unknown}
Scrolls
 d - 6 scrolls of teleportation
 f - 2 scrolls of enchant armour
 k - a scroll of magic mapping
 p - a scroll of fear
 s - 2 scrolls of identify
Potions
 b - a potion of mutation {unknown}
 e - a potion of might
 l - a potion of magic
 n - 2 potions of brilliance
 q - a potion of flight {unknown}
 t - a potion of agility {unknown}
Comestibles
 c - 9 rations


   Skills:
 - Level 1.1 Fighting
 - Level 1.7 Dodging
 + Level 4.8 Unarmed Combat
 - Level 2.0 Spellcasting
 * Level 5.8 Transmutations


You had 3 spell levels left.
You knew the following spells:

 Your Spells              Type           Power        Failure   Level  Hunger
a - Beastly Appendage     Tmut           ###...       1%          1    #......
b - Sticks to Snakes      Tmut           ###.....     3%          2    ###....
c - Spider Form           Tmut/Pois      ##........   21%         3    ###....

Your spell library contained the following spells:

 Spells                   Type           Power        Failure   Level  Hunger
 Blade Hands              Tmut           ###.......   50%         5    ######.
 Ice Form                 Ice/Tmut       ##......     54%         4    #####..


Dungeon Overview and Level Annotations

Branches:
Dungeon (4/15)
 Temple: D:4-7

Altars:
Ashenzari
Cheibriados
Gozag
Nemelex Xobeh

Annotations:
D:4 Robin


Innate Abilities, Weirdness & Mutations

Your plain brown scales are hard. (AC +6)
You cannot fit into any form of body armour.
You are cold-blooded and may be slowed by cold attacks.


Message History

The killer bee closely misses you. The killer bee barely misses you.
The killer bee misses you.
As you read the scroll of teleportation, it crumbles to dust.
You feel strangely unstable.
You feel very sick. The killer bee barely misses you.
The killer bee misses you.
The killer bee stings you but does no damage. x3
The killer bee stings you.
* * * LOW HITPOINT WARNING * * *
You are more poisoned.
The killer bee poisons you! The killer bee closely misses you.
The killer bee stings you but does no damage.
The killer bee stings you.
* * * LOW HITPOINT WARNING * * *
The killer bee stings you but does no damage.
It was a potion of might.
You feel very mighty all of a sudden.
* * * LOW HITPOINT WARNING * * *
You feel sick. The killer bee stings you!
You die...

*,,,,,,**,,***,,#####
*,,,,...#*,**...#...# ###
*,,,.....#*##..##...#######..
*,,,......##...*#...........#
*,,,,......#..#*#...#########
**,,,.........* #...# **.,
**,,,,,#.....######.######..,
*,,,,,,*#..yy.##.##.#.......,
*,,,,,,,##.y@..#..........#*,
*,,,,,,,#..yy....#.....####*,
*,,,,,,##..#.....#.....## **,
*,,,,,,#...##......#.y..###,,
**,>,,##..####..............,
**,,,#...#,,##..###..#..###,
******,,,,#[.##,,,#### #..##..#**
*,,,,,,,,,#..#,,,,*****#..#*#..#*
*****,,,,*#)##**,,,,,**...#*,.$.,


You could see 5 killer bees.

Vanquished Creatures
  A phantom (D:4)
  An ogre (D:4)
  A howler monkey (D:4)
  A hound (D:4)
  An orc wizard (D:4)
  A worker ant (D:4)
  3 adders
  An ooze (D:3)
  3 worms
  3 dart slugs
  2 leopard geckos (D:3)
  2 orcs
  2 giant cockroaches
  5 hobgoblins
  5 jackals
  2 ball pythons (D:2)
  6 bats
  5 frilled lizards (D:2)
  8 goblins
  5 kobolds
  8 rats
66 creatures vanquished.

Notes
Turn   | Place    | Note
-------+----------+-------------------------------------------
     0 | D:1      | Kohma the Draconian Transmuter began the quest for the Orb.
     0 | D:1      | Reached XP level 1. HP: 16/16 MP: 3/3
   490 | D:1      | Reached XP level 2. HP: 23/23 MP: 5/5
  1008 | D:2      | Reached skill level 3 in Transmutations
  1074 | D:2      | Reached XP level 3. HP: 23/28 MP: 4/6
  1307 | D:2      | Found a snail-covered altar of Cheibriados.
  1757 | D:2      | Learned a level 2 spell: Sticks to Snakes
  1761 | D:2      | Learned a level 3 spell: Spider Form
  2051 | D:2      | Reached XP level 4. HP: 28/35 MP: 7/7
  2117 | D:3      | Found a shattered altar of Ashenzari.
  2187 | D:3      | Found an opulent altar of Gozag.
  2351 | D:3      | Reached skill level 4 in Transmutations
  2554 | D:3      | Found a sparkling altar of Nemelex Xobeh.
  2749 | D:4      | Noticed an ogre
  2781 | D:4      | Killed an ogre
  2781 | D:4      | Reached XP level 5. HP: 28/40 MP: 1/8
  2879 | D:4      | Reached skill level 5 in Transmutations
  2998 | D:4      | Reached XP level 6. HP: 38/47 MP: 7/9
  3156 | D:4      | Noticed Robin
  3373 | D:4      | Slain by a killer bee

Skill      XL: |  1  2  3  4  5 |
---------------+----------------+-----
Transmutations | 3 4 5 |  5.8
Unarmed Combat | 4 |  4.8
Fighting       | |  1.1
Dodging        | |  1.7
Spellcasting   | |  2.0

Action                   |  1- 3 |  4- 6 || total
-------------------------+-------+-------++-------
Melee: Unarmed           |   146 |   133 ||   279
       Tailslap          |    17 |    10 ||    27
       Headbutt          |     6 |     9 ||    15
       Kick              |     3 |     6 ||     9
       Punch             |     1 |     3 ||     4
 Cast: Beastly Appendage |    11 |    13 ||    24
       Sticks to Snakes  |       |     6 ||     6
  Use: Scroll            |     6 |     6 ||    12
       Potion            |       |     2 ||     2
 Stab: Distracted        |       |     1 ||     1
  Eat: Chunk             |     4 |     2 ||     6
       Ration            |       |     1 ||     1
Armor: Skin              |    66 |    54 ||   120
Dodge: Dodged            |   127 |    95 ||   222
